 Dungeon Crawl Stone Soup version 0.30-a0-779-g7971cf19c3 (webtiles) character file.

Game seed: 5595738380687655202

174 Dittersdorf the Trooper (level 5, -18/34 HPs)
             Began as a Gargoyle Fighter on Feb 17, 2023.
             Demolished by an ogre
             ... wielding a +0 giant club
              (21 damage)
             ... on level 4 of the Dungeon.
             The game lasted 00:04:16 (2298 turns).

Dittersdorf the Trooper (Gargoyle Fighter)          Turns: 2298, Time: 00:04:17

Health: -18/34     AC: 15    Str: 22    XL:     5   Next: 54%
Magic:  5/5        EV:  9    Int:  8    God:
Gold:   197        SH:  4    Dex:  9    Spells: 4/4 levels left

rFire   . . .      SeeInvis .    a - +0 flail
rCold   . . .      Faith    .    c - +0 buckler
rNeg    + . .      Spirit   .    b - +0 scale mail
rPois   ∞          Reflect  .    j - +2 helmet
rElec   +          Harm     .    (no cloak)
rCorr   .          Rampage  .    (no gloves)
Will    .....                    n - +0 pair of boots Stlth
                                 (no amulet)
HPRegen 0.25/turn                (no ring)
MPRegen 0.09/turn                (no ring)

@: no status effects
A: sickness immunity, AC +4, negative energy resistance 1, electricity
resistance, torment resistance 1, petrification resistance
a: no special abilities


You were on level 4 of the Dungeon.
You visited 1 branch of the dungeon, and saw 4 of its levels.

You collected 197 gold pieces.

Inventory:

Hand Weapons
 a - a +0 flail (weapon)
Missiles
 p - a throwing net (quivered)
Armour
 b - a +0 scale mail (worn)
 c - a +0 buckler (worn)
 j - a +2 helmet (worn)
 n - a +0 pair of boots (worn)
Wands
 o - a wand of digging (4)
Scrolls
 e - 2 scrolls of enchant armour {unknown}
 f - 2 scrolls of enchant weapon {unknown}
 r - a scroll of teleportation
Potions
 d - a potion of might
 g - 2 potions of curing
 k - a potion of flight
 l - 2 potions of ambrosia


   Skills:
 + Level 4.3 Fighting
 + Level 3.2 Maces & Flails
 + Level 4.3 Armour
 + Level 4.3 Shields


You had 4 spell levels left.
You didn't know any spells.
Your spell library was empty.

Dungeon Overview and Level Annotations

Branches:
Dungeon (4/15)
 Temple: D:4-7

Altars:
Ashenzari
Fedhas
Gozag
Nemelex Xobeh
Zin

Shops:
D:1 *   D:3 (


Innate Abilities, Weirdness & Mutations

You are immune to sickness and miasma.
Your stone body is resilient. (AC +4)
You are immune to poison.
You resist negative energy. (rN+)
You are resistant to electric shocks. (rElec)
You are resistant to unholy torment.
You are immune to petrification.


Message History

You thump the hobgoblin!
You kill the hobgoblin!
No target in view!
No target in view!
No target in view!
No target in view!
No target in view!
No target in view!
No target in view!
No target in view!
No target in view!
No target in view!
No target in view!
No target in view!
No target in view!
No target in view!
No target in view!
No target in view!
No target in view!
No target in view!
No target in view!
No target in view!
You miss something.
You hear some strange, mumbled words.
A puff of flame appears from out of thin air!
The puff of flame hits you!
You closely miss something. You block something's attack.
You miss something. Something hits you.
* * * LOW HITPOINT WARNING * * *
You hear some strange, mumbled words.
A magic dart appears from out of thin air!
The magic dart hits you.
* * * LOW HITPOINT WARNING * * *
You closely miss something. Something hits you but does no damage.
You thump something!
Reactivating autopickup.
You feel a bit more experienced.
The ogre hits you with a +0 giant club!!
Ouch! That really hurt!
You die...

. #.........#
.. ##..........
... ..........#
..#. ....#...#
.?O.. #...#...#
...?..#<......#
#..........#
....#?##)O....#
.. ... #@#....#
..##...)###..#
#....#.w.# ..#
... #.... .#
..... .##....
.. ###.. .. ...


You could see an ogre and a worm.

Vanquished Creatures
  An orc priest (D:3)
  An iguana (D:4)
  An orc wizard (D:4)
  An adder (D:2)
  3 gnolls (D:3)
  4 worms
  2 orcs (D:3)
  6 ball pythons
  7 bats
  7 endoplasms
  2 giant cockroaches
  8 goblins
  6 hobgoblins
  A jackal (D:4)
  3 quokkas
  3 frilled lizards
  7 kobolds
  6 rats
69 creatures vanquished.

Notes
Turn   | Place    | Note
-------+----------+-------------------------------------------
     0 | D:1      | Dittersdorf the Gargoyle Fighter began the quest for the
                  | Orb.
     0 | D:1      | Reached XP level 1. HP: 14/14 MP: 1/1
    68 | D:1      | Reached XP level 2. HP: 17/19 MP: 2/2
   427 | D:1      | Reached XP level 3. HP: 23/23 MP: 3/3
   468 | D:1      | Found Xiwk's General Store.
   658 | D:2      | Found a blossoming altar of Fedhas.
  1227 | D:3      | Reached XP level 4. HP: 29/29 MP: 4/4
  1272 | D:3      | Found a sparkling altar of Nemelex Xobeh.
  1272 | D:3      | Found a glowing silver altar of Zin.
  1273 | D:3      | Found a broken altar of Ashenzari.
  1457 | D:3      | Found Orenos Buji's Antique Weapon Shop.
  2072 | D:4      | Found an opulent altar of Gozag.
  2090 | D:4      | Reached XP level 5. HP: 27/33 MP: 5/5
  2290 | D:4      | Noticed an ogre
  2298 | D:4      | Demolished by an ogre

Illustrated notes

Levels and vault maps discovered:
D:1:      dpeg_arrival_line_fractal, layout_basic, serial_shops, shop
D:2:      layout_rooms, basic_altar
D:3:      layout_loops_corners, chequers_temple_overflow_statue_of_worship,
          serial_shops, shop
D:4:      layout_cave_pools, nicolae_gozag_seed_capital,
          nicolae_hepliaklqana_hippocampus, dk_yredelemnul_ordeal,
          minmay_ruptured

Skill      XL: |  1  2  3  4 |
---------------+-------------+-----
Armour         | 4 |  4.3
Fighting       | 4 |  4.3
Shields        | 4 |  4.3
Maces & Flails | 3 |  3.2

Action                     |  1- 3 |  4- 6 || total
---------------------------+-------+-------++-------
  Melee: Flail             |   124 |    72 ||   196
    Use: Scroll            |       |     7 ||     7
 Armour: Scale mail        |    72 |    31 ||   103
  Dodge: Dodged            |    57 |    30 ||    87
  Block: Buckler           |    26 |    17 ||    43

Table legend: (Time is in decaauts)
 A = Elapsed time spent in this place.
 B = Non-inter-level travel time spent in this place.
 C = Inter-level travel time spent in this place.
 D = Time resting spent in this place.
 E = Time spent auto-exploring this place.
 F = Levels seen in this place.
 G = Mean time per level.
                   A        B        C        D        E       F      G
               +--------+--------+--------+--------+--------+-----+--------+
         Total |   2363 |   2298 |     65 |    113 |   1634 |   4 |  590.8 |
       Dungeon |   2363 |   2298 |     65 |    113 |   1634 |   4 |  590.8 |
               +--------+--------+--------+--------+--------+-----+--------+

Top non-repeatable levels by time:
     D:3: 1134 daAuts
     D:1: 643 daAuts
     D:2: 476 daAuts
     D:4: 110 daAuts
